 Dungeon Crawl Stone Soup version 0.30.1-11-g7821555f0a (webtiles) character file.

Game seed: 1019694023183560515

15407 Peloso the Carver (level 12, -13/112 HPs)
             Began as a Minotaur Fighter on Dec 16, 2023.
             Was a High Priest of Okawaru.
             Mangled by a skyshark (16 damage)
             ... on level 2 of the Lair of Beasts.
             The game lasted 00:20:57 (12657 turns).

Peloso the Carver (Minotaur Fighter)               Turns: 12657, Time: 00:20:57

Health: -13/112    AC: 22    Str: 20    XL:     12   Next: 1%
Magic:  10/12      EV: 11    Int:  5    God:    Okawaru [*****.]
Gold:   607        SH:  9    Dex: 24    Spells: 11/11 levels left

rFire   . . .        a - +1 double sword (holy)
rCold   . . .        d - +0 buckler
rNeg    . . .        I - +1 plate armour
rPois   .            (helmet restricted)
rElec   +            p - +0 cloak of Syndicalism {rElec Will- rCorr Dex+2}
rCorr   +            r - +0 pair of gloves
SInv    .            (no boots)
Will    .....        (no amulet) Stlth
                     k - ring of flight
HPRegen 0.38/turn    F - +6 ring of dexterity
MPRegen 0.13/turn

%: no passive effects
@: heroic, flying
A: horns 2, retaliatory headbutt
a: Renounce Religion, Heroism, Finesse, Duel


You were on level 2 of the Lair of Beasts.
You worshipped Okawaru.
Okawaru was extremely pleased with you.
You visited 3 branches of the dungeon, and saw 14 of its levels.
You also visited: Ossuary.

You collected 607 gold pieces.

Inventory:

Hand Weapons
 a - a +1 double sword of holy wrath (weapon)
 b - a +0 scimitar of flaming
 c - a +4 scimitar
 m - a +5 long sword
Armour
 d - a +0 buckler (worn)
 p - the +0 cloak of Syndicalism (worn) {rElec Will- rCorr Dex+2}
   (You found it on level 3 of the Dungeon)

   Dex:       It affects your dexterity (+2).
   rElec:     It insulates you from electricity.
   rCorr:     It protects you from acid and corrosion.
   Will:      It decreases your willpower.
 r - a +0 pair of gloves (worn)
 I - a +1 plate armour (worn)
Jewellery
 f - a ring of protection from cold
 k - a ring of flight (left hand)
 v - a ring of magical power
 x - a +6 ring of intelligence
 C - a +6 ring of strength
 F - a +6 ring of dexterity (right hand)
 P - a ring of resist corrosion
 S - the ring "Igimedat" {rPois rF- rC+ Dex+3 Slay+2}
   (You found it on level 11 of the Dungeon)

   [ring of poison resistance]

   Dex:       It affects your dexterity (+3).
   Slay:      It affects your accuracy & damage with ranged weapons and melee
   (+2).
   rF:        It makes you vulnerable to fire.
   rC:        It protects you from cold.
   rPois:     It protects you from poison.
 T - a ring of see invisible
Wands
 l - a wand of polymorph (10)
 u - a wand of iceblast (14)
 K - a wand of digging (6)
Scrolls
 i - 4 scrolls of teleportation
 j - 2 scrolls of fear
 n - 3 scrolls of magic mapping
 q - 2 scrolls of enchant armour
 s - 2 scrolls of fog
 y - a scroll of acquirement
 E - a scroll of poison {unknown}
 G - a scroll of torment {unknown}
 M - 2 scrolls of immolation {unknown}
 N - 2 scrolls of identify
 R - a scroll of enchant weapon
Potions
 e - 8 potions of curing
 g - 4 potions of heal wounds
 h - a potion of resistance
 o - 4 potions of mutation
 t - a potion of cancellation {unknown}
 w - a potion of lignification {unknown}
 z - a potion of might
 A - a potion of attraction {unknown}
 B - a potion of berserk rage {unknown}
 D - a potion of ambrosia {unknown}
 H - 3 potions of flight {unknown}
 J - a potion of invisibility
 O - 3 potions of haste
 Q - a potion of brilliance
Miscellaneous
 L - a lightning rod (4/4)


   Skills:
 + Level 12.0(17.0) Fighting
 + Level 14.0(19.0) Long Blades
 + Level 13.1(18.1) Armour
 + Level 1.7(6.7) Dodging
 + Level 1.2(6.2) Stealth
 + Level 10.4(15.4) Shields
 + Level 1.4 Invocations


You had 11 spell levels left.
You didn't know any spells.
Your spell library contained the following spells:

 Spells                   Type           Power      Damage    Failure   Level
 Blink                    Tloc           0%         N/A       100%        2
 Lesser Beckoning         Tloc           0%         N/A       100%        2
 Momentum Strike          Conj/Tloc      0%         3d8       100%        2
 Poisonous Vapours        Pois/Air       0%         N/A       100%        2
 Mephitic Cloud           Conj/Pois/Air  0%         N/A       100%        3
 Stone Arrow              Conj/Erth      0%         3d7       100%        3
 Freezing Cloud           Conj/Ice/Air   0%         6-21      100%        5
 Lehudib's Crystal Spear  Conj/Erth      0%         10d2      100%        8
 Animate Armour           Summ/Erth      Unusable   N/A       N/A         4

Dungeon Overview and Level Annotations

Branches:
Dungeon (11/15)            Temple (1/1) D:5            Lair (1/5) D:9
Ossuary (visited)
    Orc: D:9-12

Altars:
Ashenzari
Cheibriados
Dithmenos
Elyvilon
Fedhas
Gozag
Hepliaklqana
Kikubaaqudgha
Makhleb
Nemelex Xobeh
Okawaru
Qazlal
Ru
Sif Muna
Trog
Uskayaw
Vehumet
Wu Jian
Xom
Yredelemnul
Zin
The Shining One

Shops:
D:6 (   D:7 :

Annotations:
D:5 2 transporters
D:11 1 runed translucent door


Innate Abilities, Weirdness & Mutations

You have a pair of horns on your head.
You reflexively headbutt those who attack you in melee.


Message History

The water moccasin bites you.
A hell rat comes into view.
You closely miss the water moccasin. You headbutt the water moccasin!
The water moccasin is almost dead.
The water moccasin completely misses you.
You slash the water moccasin!
You kill the water moccasin!
Okawaru accepts your kill.
The river rat twitches its whiskers.
Your Fighting skill increases to level 12!
You closely miss the skyshark. The skyshark bites you.
The skyshark tastes blood and grows stronger!
The skyshark tail-slaps you! The skyshark closely misses you.
You gain the combat prowess of a mighty hero.
The skyshark bites you!!
* * * LOW HITPOINT WARNING * * *
The skyshark enters a blood-rage!
The skyshark barely misses you. The skyshark tail-slaps you.
* * * LOW HITPOINT WARNING * * *
You barely miss the skyshark. Your headbutt misses the skyshark.
A river rat comes into view.
The skyshark bites you!
* * * LOW HITPOINT WARNING * * *
The skyshark tail-slaps you but does no damage.
You block the skyshark's attack.
You slice the skyshark!! You headbutt the skyshark.
The skyshark is moderately wounded.
You block the skyshark's attack.
The skyshark tail-slaps you but does no damage.
You block the skyshark's attack.
You barely miss the skyshark.
The skyshark is moderately wounded.
The skyshark bites you!
* * * LOW HITPOINT WARNING * * *
The skyshark tail-slaps you but does no damage.
You block the skyshark's attack.
You hit the skyshark.
The skyshark is moderately wounded.
The skyshark bites you!
You die...

+...⌠...+...⌠...#......#.
.#.#.....#............(..)
Y.F......#.........<....##
###.....#r#..†..##.......#
###+.F#r###..†........#.
...#hF# ###.........##
#.....#r# #..........#
#⌠.<.⌠#l# #.##P#..####
#.... #@# #..####### .#.⌠.
#..##.#.# ### ######.## .
..


You could see a skyshark (berserk), a polar bear, a bullfrog, a hell rat and 2
river rats.

Vanquished Creatures
  A hydra (D:11)
  A boulder beetle (D:11)
  Erica (D:7)
  2 two-headed ogres (D:10)
  A deep elf pyromancer (D:11)
  A manticore (D:11)
  An ugly thing (D:11)
  3 elephants (Lair:2)
  Maurice (D:8)
  A cane toad (Lair:2)
  2 unseen horrors (D:11)
  A komodo dragon (D:9)
  A kobold demonologist (D:10)
  A polar bear (Lair:2)
  2 trolls (D:11)
  2 hornets (D:9)
  A vampire (D:10)
  A wraith (D:11)
  10 yaks
  A basilisk (Lair:2)
  3 vampire mosquitoes (D:11)
  7 water moccasins
  2 sky beasts
  4 centaurs
  4 ogres
  A phantom (D:7)
  2 kobold brigands
  4 bullfrogs
  2 gnoll sergeants
  14 wights
  3 killer bees (D:10)
  A vampire bat (D:4)
  3 hounds
  A human zombie (Ossuary)
  2 jellies
  3 orc priests
  2 gnoll boudas
  2 iguanas
  7 orc wizards
  3 mummies (Ossuary)
  Robin (D:4)
  19 gnolls
  3 adders
  A shadow imp (D:6)
  3 adder zombies (Ossuary)
  2 dart slugs (D:2)
  12 orcs
  3 ball pythons
  9 endoplasms
  4 giant cockroaches
  6 hobgoblins
  15 kobolds
  2 quokkas
  13 bats
  4 frilled lizards
  15 goblins
  4 goblin zombies
  3 hobgoblin zombies (Ossuary)
  2 kobold zombies (Ossuary)
  3 quokka zombies (Ossuary)
  6 rats
  4 rat zombies
239 creatures vanquished.

Notes
Turn   | Place    | Note
-------+----------+-------------------------------------------
     0 | D:1      | Peloso the Minotaur Fighter began the quest for the Orb.
     0 | D:1      | Reached XP level 1. HP: 19/19 MP: 0/0
   198 | D:1      | Reached XP level 2. HP: 27/27 MP: 1/1
   571 | D:1      | Reached XP level 3. HP: 33/33 MP: 2/2
  1250 | D:2      | Reached skill level 3 in Long Blades
  1498 | D:3      | Reached XP level 4. HP: 40/40 MP: 3/3
  1571 | D:3      | Reached skill level 5 in Armour
  1671 | D:3      | Found a shadowy altar of Dithmenos.
  1911 | D:3      | Reached XP level 5. HP: 42/47 MP: 4/4
  1938 | D:3      | Identified the +0 cloak of Syndicalism {rElec Will- rCorr
                  | Dex+2}
  2037 | D:4      | Found a stormy altar of Qazlal.
  2042 | D:4      | Found a snail-covered altar of Cheibriados.
  2136 | D:4      | Reached skill level 4 in Long Blades
  2329 | D:4      | Found a bloodstained altar of Trog.
  2469 | D:4      | Reached skill level 5 in Long Blades
  2519 | D:4      | Reached skill level 1 in Dodging
  2592 | D:4      | Reached XP level 6. HP: 45/50 MP: 5/5
  2621 | D:4      | Found a broken altar of Ashenzari.
  2636 | D:4      | Noticed Robin
  2660 | D:4      | Killed Robin
  2951 | D:5      | Entered Level 5 of the Dungeon
  2961 | D:5      | Found a sand-covered staircase.
  2979 | Ossuary  | Entered an ossuary
  3408 | D:5      | Found a staircase to the Ecumenical Temple.
  3436 | Temple   | Entered the Ecumenical Temple
  3443 | Temple   | Became a worshipper of Warmaster Okawaru
  3668 | D:5      | Reached skill level 5 in Fighting
  3668 | D:5      | Reached skill level 6 in Long Blades
  3671 | D:5      | Reached XP level 7. HP: 40/61 MP: 6/6
  3803 | Temple   | Reached * piety under Okawaru
  3986 | D:5      | Reached skill level 7 in Long Blades
  4574 | D:5      | Found a transporter.
  4613 | D:5      | Found a transporter.
  5369 | D:6      | Reached XP level 8. HP: 68/70 MP: 7/7
  5405 | D:6      | Reached ** piety under Okawaru
  5406 | D:6      | Reached skill level 8 in Long Blades
  5636 | D:6      | Found Cackus's Weapon Emporium.
  6175 | D:6      | Reached skill level 5 in Shields
  6324 | D:6      | Reached skill level 11 in Long Blades
  6324 | D:6      | Reached skill level 10 in Armour
  6324 | D:6      | Reached XP level 9. HP: 84/84 MP: 8/8
  6349 | D:7      | Found Kupsu's Book Boutique.
  6726 | D:7      | Found a shimmering blue altar of Sif Muna.
  6872 | D:7      | Identified the +5 quarterstaff of Mosatidd {flame, rN+
                  | SInv}
  7082 | D:7      | Reached *** piety under Okawaru
  7313 | D:8      | Noticed Erica
  7487 | D:7      | Killed Erica
  7488 | D:7      | Reached XP level 10. HP: 40/93 MP: 6/9
  7775 | D:8      | Found an ancient bone altar of Kikubaaqudgha.
  7837 | D:8      | Reached skill level 10 in Fighting
  8170 | D:8      | Noticed Maurice
  8188 | D:8      | Killed Maurice
  8342 | D:9      | Reached skill level 12 in Long Blades
  8380 | D:9      | Reached **** piety under Okawaru
  8556 | D:9      | Found a staircase to the Lair.
  9259 | D:10     | Entered Level 10 of the Dungeon
  9306 | D:10     | Reached ***** piety under Okawaru
  9340 | D:10     | HP: 4/94 [poisoned by a killer bee]
  9797 | D:10     | Noticed a two-headed ogre
  9803 | D:10     | Killed a two-headed ogre
  9804 | D:10     | Reached XP level 11. HP: 101/101 MP: 7/10
  9928 | D:10     | Noticed a two-headed ogre
  9936 | D:10     | Killed a two-headed ogre
  9937 | D:10     | Reached skill level 13 in Long Blades
 10660 | D:11     | Noticed a boulder beetle
 10696 | D:11     | Killed a boulder beetle
 10798 | D:11     | Noticed a red ugly thing
 10810 | D:11     | Killed a red ugly thing
 10810 | D:11     | Received a gift from Okawaru
 10811 | D:11     | Reached skill level 1 in Stealth
 10811 | D:11     | Reached skill level 10 in Shields
 11727 | D:11     | Reached skill level 1 in Invocations
 11819 | D:11     | Identified the ring "Igimedat" {rPois rF- rC+ Dex+3 Slay+2}
 11849 | D:11     | Noticed a seven-headed hydra
 11859 | D:11     | Killed a two-headed hydra
 12254 | D:11     | Found a runed translucent door.
 12254 | D:11     | Noticed a deep elf pyromancer
 12260 | D:11     | Killed a deep elf pyromancer
 12261 | D:11     | Noticed a frost giant
 12321 | Lair:1   | Entered Level 1 of the Lair of Beasts
 12321 | Lair:1   | You are sucked into a shaft and drop 1 floor!
 12337 | Lair:2   | Identified a scroll of acquirement
 12644 | Lair:2   | Reached skill level 14 in Long Blades
 12646 | Lair:2   | Noticed a skyshark
 12648 | Lair:2   | Reached XP level 12. HP: 72/112 MP: 12/12
 12656 | Lair:2   | HP: 3/112 [skyshark (15)]
 12657 | Lair:2   | Mangled by a skyshark

Illustrated notes

Levels and vault maps discovered:
D:1:      psy_arrival_fountain, layout_loops_corners
D:2:      layout_basic, dk_noncrumbling_4
D:3:      layout_basic, mainiacjoe_overflow_alcove_2, amcnicky_mini_pool_small
D:4:      layout_loops_corners, lemuel_round_altar, kennysheep_mini_moat,
          mainiacjoe_overflow_catch_the_wave, minmay_tree_intersection,
          roderic_batcave, uniq_robin
D:5:      gammafunk_wand_slinger, layout_layer_cave,
          minmay_temple_entry_stoned_glass, enter_ossuary_4
D:6:      layout_cave_pods, serial_shops, kennysheep_little_box
D:7:      layout_basic, lemuel_crystal_altar, serial_shops, shop,
          chequers_serial_rivers_large_a
D:8:      layout_basic, lemuel_crystal_altar, uniq_erica, uniq_maurice
D:9:      layout_basic, david_lair_shrubbed
D:10:     layout_loops_ring, kennysheep_flooded_box
D:11:     layout_stronghold, minivault_13
Temple:   nicolae_temple_no_exploring_needed
Lair:1:   layout_long_grid, nicolae_lair_lil_pond, uniq_grum
Lair:2:   layout_cave_pods, cheibrodos_lair_caveside_slide, ldierk_geyser,
          kennysheep_abandoned_house, grunt_megastairs_1, serial_bayou_shore_b

Skill      XL: |  1  2  3  4  5  6  7  8  9 10 11 12 |
---------------+-------------------------------------+-----
Fighting       | 4 5 9 10 11 12 | 12.0
Armour         | 4 5 7 10 11 13 | 13.1
Shields        | 4 8 9 10 | 10.4
Long Blades    | 3 5 6 7 11 12 14 | 14.0
Dodging        | 1 |  1.7
Stealth        | 1 |  1.2
Invocations    | 1 |  1.4

Action                     |  1- 3 |  4- 6 |  7- 9 | 10-12 || total
---------------------------+-------+-------+-------+-------++-------
  Melee: Long sword        |    81 |   170 |   205 |       ||   456
         Headbutt          |    13 |    27 |    43 |    99 ||   182
         Scimitar          |       |       |       |   264 ||   264
         Double sword      |       |       |       |   122 ||   122
 Invoke: Heroism           |       |       |     1 |     7 ||     8
    Use: Potion            |     3 |     1 |     6 |       ||    10
         Scroll            |       |    11 |       |     2 ||    13
 Armour: Scale mail        |    36 |       |       |       ||    36
         Plate armour      |    22 |   145 |   126 |   203 ||   496
  Dodge: Dodged            |    27 |    50 |    43 |    89 ||   209
  Block: Buckler           |    18 |    41 |    36 |   109 ||   204
